 Dungeon Crawl Stone Soup version 0.29-a0-334-gb41bcbb86e (webtiles) character file.

Game seed: 18102037149908454077

217 zishaf the Sneak (level 5, -2/28 HPs)
             Began as a Vine Stalker Brigand on Apr 16, 2022.
             Slain by Menkaure (7 damage)
             ... on level 4 of the Dungeon.
             The game lasted 00:04:13 (2650 turns).

zishaf the Sneak (Vine Stalker Brigand)             Turns: 2650, Time: 00:04:14

Health: -2/28      AC: 11    Str: 13    XL:     5   Next: 94%
Magic:  0/6        EV: 11    Int: 11    God:
Gold:   117        SH:  0    Dex: 18    Spells: 4/4 levels left

rFire   . . .      SeeInvis .   a - +2 dagger
rCold   . . .      Faith    .   (no shield)
rNeg    . . .      Spirit   +   u - +0 leather armour
rPois   .          Reflect  .   v - +0 helmet
rElec   .          Harm     .   c - +0 cloak
rCorr   .          Rampage  .   p - +0 pair of gloves
Will    .....                   l - +0 pair of boots
Stlth   +++.......              (no amulet)
HPRegen 0.89/turn               w - +4 ring of protection
MPRegen 0.10/turn               (no ring)

@: no status effects
A: fangs 2, regeneration 1, magic shield, antimagic bite, no potion heal 2
a: no special abilities


You were on level 4 of the Dungeon.
You visited 1 branch of the dungeon, and saw 4 of its levels.

You collected 117 gold pieces.

Inventory:

Hand Weapons
 a - a +2 dagger (weapon)
 b - a +0 hunting sling
Missiles
 d - 15 poisoned darts (quivered)
 e - 3 curare-tipped darts
Armour
 c - a +0 cloak (worn)
 l - a +0 pair of boots (worn)
 o - a +0 robe
 p - a +0 pair of gloves (worn)
 u - a +0 leather armour (worn)
 v - a +0 helmet (worn)
Jewellery
 w - a +4 ring of protection (left hand)
Wands
 t - a wand of flame (11)
Scrolls
 g - a scroll of summoning {unknown}
 h - 3 scrolls of blinking {unknown}
 k - a scroll of teleportation {unknown}
 n - a scroll of enchant weapon
 r - a scroll of holy word
Potions
 f - a potion of attraction
 i - 3 potions of cancellation
 j - 2 potions of mutation
 m - 2 potions of brilliance
 q - a potion of curing
 s - 2 potions of haste


   Skills:
 + Level 3.3 Fighting
 + Level 3.3 Short Blades
 - Level 2.0 Throwing
 - Level 1.0 Dodging
 + Level 6.3 Stealth


You had 4 spell levels left.
You didn't know any spells.
Your spell library contained the following spells:

 Spells                   Type           Power      Damage    Failure   Level
 Beastly Appendage        Tmut           0%         N/A       41%         1
 Magic Dart               Conj           0%         1d3       41%         1
 Call Imp                 Summ           0%         N/A       56%         2
 Corpse Rot               Necr/Air       0%         N/A       56%         2
 Poisonous Vapours        Pois/Air       0%         N/A       56%         2
 Wereblood                Tmut           0%         N/A       56%         2
 Mephitic Cloud           Conj/Pois/Air  0%         N/A       80%         3
 Spider Form              Tmut/Pois      0%         N/A       80%         3


Dungeon Overview and Level Annotations

Branches:
Dungeon (4/15)
 Temple: D:4-7

Altars:
Dithmenos
Ru
Xom

Annotations:
D:4 Menkaure


Innate Abilities, Weirdness & Mutations

You have extremely sharp teeth.
Your natural rate of healing is unusually fast.
When hurt, damage is shared between your health and your magic reserves.
Your bite disrupts and absorbs the magic of your enemies.
Potions cannot restore your health.


Message History

You hear a shout!
Menkaure gestures at you while chanting.
Pain shoots through your body!
You hit Menkaure. You bite Menkaure.
Menkaure's magic leaks into the air.
You drain his magic.
You feel invigorated.
Menkaure is moderately damaged.
Menkaure closely misses you. Menkaure hits you.
You hit Menkaure but do no damage.
Menkaure is moderately damaged.
A goblin comes into view. It is wielding a +0 dagger.
Menkaure murmurs drily.
Menkaure hits you but does no damage.
You barely miss Menkaure. You bite Menkaure.
Menkaure's magic leaks into the air.
You drain his magic.
You feel invigorated.
Menkaure is heavily damaged.
Menkaure hits you.
You are too injured to fight recklessly!
You are too injured to fight recklessly!
You hit Menkaure but do no damage. Your bite misses Menkaure.
Menkaure is heavily damaged.
Menkaure hits you!
* * * LOW HITPOINT WARNING * * *
You hit Menkaure.
Menkaure is heavily damaged.
Menkaure barely misses you.
You barely miss Menkaure.
Menkaure is heavily damaged.
A kobold comes into view. It is wielding a +0 whip.
Menkaure hits you.
* * * LOW HITPOINT WARNING * * *
You closely miss Menkaure. You bite Menkaure, but do no damage.
Menkaure is heavily damaged.
Menkaure completely misses you.
You hit Menkaure.
Menkaure is heavily damaged.
You hit Menkaure but do no damage. You bite Menkaure.
Menkaure's magic leaks into the air.
You drain his magic.
You feel invigorated.
Menkaure is severely damaged.
Menkaure falters for a moment.
Menkaure hits you!
You die... ### ..####### .......# .... ......# ...... ..... ......
Kg.

.......## #M#
.......... #@#
.......... ####
#.#######...>..)..
.....#..##........#....
...........###.........
................###.##.
.....####.###.†####.##.
..... #.##...........
..... #.##...........
#### ###############


You could see Menkaure (fast, magic disrupted), a goblin and a kobold.

Vanquished Creatures
  A jelly (D:3)
  An orc wizard (D:3)
  Ijyb (D:3)
  4 adders
  3 worms
  3 dart slugs
  4 orcs
  9 endoplasms
  6 giant cockroaches
  6 goblins
  5 hobgoblins
  11 jackals
  4 ball pythons
  6 bats
  5 frilled lizards
  4 kobolds
  6 rats
79 creatures vanquished.

Vanquished Creatures (others)
  A plant (D:4)
1 creature vanquished.

Grand Total: 80 creatures vanquished

Notes
Turn   | Place    | Note
-------+----------+-------------------------------------------
     0 | D:1      | zishaf the Vine Stalker Brigand began the quest for the
                  | Orb.
     0 | D:1      | Reached XP level 1. HP: 11/11 MP: 2/2
   212 | D:1      | Found a faded altar of an unknown god.
   215 | D:1      | Reached skill level 1 in Dodging
   215 | D:1      | Reached skill level 5 in Stealth
   215 | D:1      | Reached XP level 2. HP: 15/15 MP: 3/3
   680 | D:1      | Reached XP level 3. HP: 18/18 MP: 4/4
   985 | D:2      | Found a sacrificial altar of Ru.
  1159 | D:2      | Gained mutation: Your natural rate of healing is unusually
                  | fast. [Vine Stalker growth]
  1159 | D:2      | Reached XP level 4. HP: 21/23 MP: 3/5
  2014 | D:3      | Reached skill level 6 in Stealth
  2014 | D:3      | Reached XP level 5. HP: 28/28 MP: 6/6
  2191 | D:3      | Noticed Ijyb
  2213 | D:3      | HP: 1/28 [Ijyb/+6 club (7)]
  2219 | D:3      | Killed Ijyb
  2329 | D:3      | Found a shimmering altar of Xom.
  2336 | D:3      | Found a shadowy altar of Dithmenos.
  2637 | D:4      | Noticed Menkaure
  2650 | D:4      | Slain by Menkaure

Illustrated notes

Levels and vault maps discovered:
D:1:      dpeg_arrival_pits, layout_rooms, basic_ecumenical_altar
D:2:      layout_basic, basic_altar
D:3:      layout_rooms, mainiacjoe_overflow_large_starburst, uniq_ijyb
D:4:      wad_lake_hut, layout_rooms,
          chequers_temple_overflow_statue_of_worship, st_stairs_6, uniq_menkaure

Skill      XL: |  1  2  3  4  5 |
---------------+----------------+-----
Dodging        | 1 |  1.0
Stealth        | 5 6 |  6.3
Short Blades   | 2 3 |  3.3
Throwing       | 2 |  2.0
Fighting       | 2 3 |  3.3

Action                   |  1- 3 |  4- 6 || total
-------------------------+-------+-------++-------
Melee: Dagger            |   110 |   148 ||   258
       Bite              |    23 |    41 ||    64
       Punch             |       |     1 ||     1
 Fire: Hunting sling     |       |     2 ||     2
  Use: Scroll            |       |     8 ||     8
 Stab: Sleeping          |     6 |     7 ||    13
       Distracted        |       |     1 ||     1
Armor: Robe              |    40 |    39 ||    79
       Leather armour    |       |     7 ||     7
Dodge: Dodged            |    83 |   101 ||   184

Table legend: (Time is in decaauts)
 A = Elapsed time spent in this place.
 B = Non-inter-level travel time spent in this place.
 C = Inter-level travel time spent in this place.
 D = Time resting spent in this place.
 E = Time spent auto-exploring this place.
 F = Levels seen in this place.
 G = Mean time per level.
                   A        B        C        D        E       F      G
               +--------+--------+--------+--------+--------+-----+--------+
         Total |   2617 |   2431 |    186 |    104 |   1718 |   4 |  654.2 |
       Dungeon |   2617 |   2431 |    186 |    104 |   1718 |   4 |  654.2 |
               +--------+--------+--------+--------+--------+-----+--------+

Top non-repeatable levels by time:
     D:2: 1098 daAuts
     D:1: 726 daAuts
     D:3: 703 daAuts
     D:4: 89 daAuts
